 Dungeon Crawl Stone Soup version 0.22.1-1-ga44c0e5 (webtiles) character file.

722 eccles the Chopper (level 7, 0/93 HPs)
             Began as a Minotaur Berserker on Oct 31, 2018.
             Was an Elder of Trog.
             Slain by Pikel
             ... wielding a +0 whip of electrocution
              (19 damage)
             ... on level 4 of the Dungeon on Nov 1, 2018.
             The game lasted 00:20:20 (2968 turns).

eccles the Chopper (Minotaur Berserker)             Turns: 2968, Time: 00:20:21

Health: 0/93       AC:  7    Str: 27    XL:     7   Next: 43%
Magic:  0/6        EV: 12    Int:  4    God:    Trog [****..]
Gold:   191        SH:  0    Dex: 11    Spells: 6/6 levels left

rFire    . . .     SeeInvis .   a - +1 hand axe
rCold    . . .     Gourm    .   (no shield)
rNeg     . . .     Faith    .   t - +0 scale mail (curse)
rPois    .         Spirit   +   (helmet restricted)
rElec    .         Reflect  .   (no cloak)
rCorr    .         Harm     .   (no gloves)
MR       .....                  (no boots)
Stlth    ..........             m - amulet of guardian spirit
HPRegen  0.25/turn              (no ring)
MPRegen  0.10/turn              (no ring)

@: berserking, very quick
A: retaliatory headbutt, horns 2
a: Berserk, Trog's Hand, Brothers in Arms, Renounce Religion


You were on level 4 of the Dungeon.
You worshipped Trog.
Trog was greatly pleased with you.
You were hungry.

You visited 1 branch of the dungeon, and saw 4 of its levels.
You also visited: Sewer.

You collected 191 gold pieces.

Inventory:

Hand Weapons
 a - a +1 hand axe (weapon)
 v - a +0 mace
 x - a +2 mace of protection
 y - a +0 war axe
Armour
 b - a +0 animal skin
 i - a +0 ring mail
 t - a cursed +0 scale mail (worn)
Jewellery
 l - an uncursed ring of teleportation
 m - an amulet of guardian spirit (around neck)
Wands
 o - a wand of acid (7)
 A - a wand of flame (21)
Scrolls
 d - a scroll of magic mapping {unknown}
 e - a scroll of remove curse
 g - 3 scrolls of teleportation {unknown}
 n - a scroll of fog {unknown}
Potions
 f - 2 potions of resistance {unknown}
 h - 3 potions of heal wounds
 j - a potion of lignification
 k - 10 potions of curing
 p - 2 potions of might {unknown}
 q - a potion of mutation {unknown}
 r - a potion of degeneration {unknown}
 s - a potion of agility {unknown}
 u - 2 potions of brilliance {unknown}
 w - 2 potions of cancellation {unknown}
Comestibles
 c - 7 rations
 z - 13 chunks of flesh


   Skills:
 + Level 5.6 Fighting
 + Level 7.6 Axes
 + Level 5.0 Armour
 + Level 3.8 Dodging
 + Level 0.4 Stealth


You had 6 spell levels left.
You didn't know any spells.
Your spell library was empty.

Dungeon Overview and Level Annotations

Branches:
Dungeon (4/15)
 Temple: D:4-7

Altars:
Kikubaaqudgha
Sif Muna
Wu Jian

Annotations:
D:4 Pikel


Innate Abilities, Weirdness & Mutations

You reflexively headbutt those who attack you in melee.
You have a pair of horns on your head.


Message History

Pikel barely misses you. You furiously retaliate!
You headbutt Pikel. You slash Pikel!
Pikel is heavily wounded.
You hit Pikel.
Pikel is heavily wounded.
Pikel drinks a potion.
Pikel is healed!
You closely miss Pikel.
Pikel is moderately wounded.
Pikel hits you with a whip of electrocution.
You are electrocuted!
* * * LOW HITPOINT WARNING * * *
You barely miss Pikel.
Pikel is moderately wounded.
You barely miss Pikel.
Pikel is moderately wounded.
Pikel says, "Slavery isn't that bad."
Pikel hits you with a whip of electrocution.
* * * LOW HITPOINT WARNING * * *
You are electrocuted!
You die...

########.##.###..#
#####.##.# #...
#.....##. #.#.
###.######. #.#.
#..........
#.######### #.#
######.# #....@.#
#.####K#


pp# #pp .... ._... ...#.# .##(# You could see Pikel and 3 slaves.

Vanquished Creatures
  An ogre (D:3)
  A big kobold (Sewer)
  2 vampire bats (D:3)
  2 orc priests
  3 orc wizards
  Ijyb (D:2)
  Robin (D:4)
  9 adders
  6 river rats (Sewer)
  6 worms
  8 dart slugs (D:4)
  2 leopard geckos
  11 orcs
  3 bat skeletons (D:3)
  2 bat zombies (D:3)
  2 giant cockroaches
  13 goblins
  11 hobgoblins
  6 jackals (D:3)
  19 kobolds
  5 ball pythons
  10 bats
  7 frilled lizards
  25 rats
156 creatures vanquished.

Notes
Turn   | Place    | Note
-------+----------+-------------------------------------------
     0 | D:1      | eccles the Minotaur Berserker began the quest for the Orb.
     0 | D:1      | Reached XP level 1. HP: 19/19 MP: 0/0
   204 | D:1      | Reached XP level 2. HP: 23/27 MP: 1/1
   456 | D:1      | Reached skill level 4 in Axes
   595 | D:2      | Reached XP level 3. HP: 16/33 MP: 2/2
   693 | D:2      | Noticed Ijyb
   706 | D:2      | Reached ** piety under Trog
   706 | D:2      | Killed Ijyb
   709 | D:2      | Reached XP level 4. HP: 38/41 MP: 3/3
   999 | D:2      | Found a deep blue altar of Sif Muna.
  1091 | D:3      | Reached skill level 5 in Axes
  1101 | D:3      | Reached XP level 5. HP: 26/47 MP: 1/4
  1224 | D:3      | Noticed an ogre
  1229 | D:3      | Killed an ogre
  1229 | D:3      | Reached skill level 6 in Axes
  1229 | D:3      | Reached XP level 6. HP: 34/55 MP: 5/5
  1285 | D:3      | Reached skill level 5 in Fighting
  1404 | D:3      | Found a glowing drain.
  1426 | Sewer    | Entered a sewer
  1450 | Sewer    | Reached *** piety under Trog
  1827 | Sewer    | Reached skill level 7 in Axes
  2206 | D:3      | Reached XP level 7. HP: 61/61 MP: 6/6
  2371 | D:3      | Found an ancient bone altar of Kikubaaqudgha.
  2378 | D:3      | Reached **** piety under Trog
  2877 | D:4      | Noticed Robin
  2893 | D:4      | Reached skill level 5 in Armour
  2906 | D:4      | Killed Robin
  2955 | D:4      | Found an ornate altar of the Wu Jian Council.
  2955 | D:4      | Noticed Pikel
  2968 | D:4      | Slain by Pikel

Skill      XL: |  1  2  3  4  5  6  7 |
---------------+----------------------+-----
Fighting       | 4 5 |  5.6
Axes           | 4 5 6 7 |  7.6
Armour         | 3 4 5 |  5.0
Dodging        | 3 |  3.8
Stealth        | |  0.4

Action                   |  1- 3 |  4- 6 |  7- 9 || total
-------------------------+-------+-------+-------++-------
Melee: Hand axe          |    66 |   187 |    90 ||   343
       Headbutt          |     7 |    26 |    11 ||    44
Invok: Berserk           |     1 |     1 |     2 ||     4
  Use: Scroll            |     6 |     1 |       ||     7
       Potion            |       |       |     1 ||     1
  Eat: Chunk             |       |     6 |     4 ||    10
Armor: Ring mail         |    26 |    44 |       ||    70
       Scale mail        |       |     4 |    25 ||    29
Dodge: Dodged            |    49 |   103 |    54 ||   206
